 Dungeon Crawl Stone Soup version 0.25.1-2-g60ff931 (webtiles) character file.

Game seed: 15165763184814038716

187 2bobheroes the Insei (level 5, -1/40 HPs)
             Began as a Draconian Transmuter on Aug 1, 2020.
             Was a Believer of Fedhas.
             Killed from afar by an orc wizard (5 damage)
             ... with a magic dart
             ... on level 3 of the Dungeon.
             The game lasted 00:09:41 (2849 turns).

2bobheroes the Insei (Draconian Transmuter)         Turns: 2849, Time: 00:09:42

Health: -1/40      AC:  5    Str: 12    XL:     5   Next: 39%
Magic:  6/8        EV: 13    Int: 14    God:    Fedhas [**....]
Gold:   137        SH:  0    Dex: 12    Spells: 2/8 levels left

rFire    . . .     SeeInvis .     - Unarmed
rCold    . . .     Gourm    .   (no shield)
rNeg     . . .     Faith    .   (armour unavailable)
rPois    .         Spirit   .   (helmet restricted)
rElec    .         Reflect  .   (no cloak)
rCorr    .         Harm     .   (no gloves)
MR       .....                  (no boots)
Stlth    +.........             (no amulet)
HPRegen  0.13/turn              (no ring)
MPRegen  0.11/turn              (no ring)

@: slowed, very slow
A: unfitting armour, cold-blooded, AC +5
a: Wall of Briars, Renounce Religion


You were on level 3 of the Dungeon.
You worshipped Fedhas.
Fedhas was pleased with you.
You were hungry.

You visited 1 branch of the dungeon, and saw 3 of its levels.

You collected 137 gold pieces.

Inventory:

Hand Weapons
 j - a +0 whip of draining
 s - a +0 hunting sling
Missiles
 a - 28 arrows
 d - 44 bolts
 i - 147 stones (quivered)
Scrolls
 e - a scroll of amnesia {unknown}
 f - a scroll of enchant armour {unknown}
 h - 3 scrolls of teleportation {unknown}
 k - 2 scrolls of identify {unknown}
 q - a scroll of enchant weapon {unknown}
 r - a scroll of remove curse {unknown}
 t - a scroll of fog {unknown}
Potions
 b - a potion of berserk rage {unknown}
 g - a potion of curing {unknown}
 l - 2 potions of ambrosia {unknown}
 m - a potion of stabbing {unknown}
 o - a potion of brilliance {unknown}
 p - a potion of lignification {unknown}
Comestibles
 c - 5 rations
 n - 4 chunks of flesh


   Skills:
 - Level 1.1 Fighting
 + Level 2.7 Dodging
 * Level 4.5 Unarmed Combat
 - Level 2.0 Spellcasting
 * Level 3.9 Transmutations


You had 2 spell levels left.
You knew the following spells:

 Your Spells              Type           Power        Failure   Level  Hunger
a - Beastly Appendage     Tmut           ##....       4%          1    ##.....
b - Spider Form           Tmut/Pois      #.........   32%         3    ####...
c - Sticks to Snakes      Tmut           ##......     7%          2    ###....

Your spell library contained the following spells:

 Spells                   Type           Power        Failure   Level  Hunger
 Confusing Touch          Hex            #.......     56%         3    ####...
 Gell's Gravitas          Tloc           #.........   56%         3    ####...
 Ice Form                 Ice/Tmut       #.......     71%         4    #####..
 Petrify                  Tmut/Erth      #.......     71%         4    #####..
 Blade Hands              Tmut           ##........   78%         5    ######.
 Yara's Violent Unravell  Hex/Tmut       #.........   96%         5    ######.
 Metabolic Englaciation   Hex/Ice        #.........   100%        5    ######.


Dungeon Overview and Level Annotations

Branches:
Dungeon (3/15)

Altars:
Fedhas


Innate Abilities, Weirdness & Mutations

Your plain brown scales are hard. (AC +5)
You cannot fit into any form of body armour.
You are cold-blooded and may be slowed by cold attacks.


Message History

The orc wizard hits you but does no damage.
The orc wizard hits you with a +0 dagger.
* * * LOW HITPOINT WARNING * * *
You hit the orc wizard.
The orc wizard is severely wounded.
The orc wizard hits you with a +0 dagger.
* * * LOW HITPOINT WARNING * * *
The orc wizard casts a spell.
The orc wizard blinks!
Casting: Beastly Appendage (safe; 4% risk of failure)
Confirm with . or Enter, or press ? or * to list all spells.
You create a snake!
You now have 28 arrows.
The orc wizard casts a spell.
The orc wizard blinks!
The orc wizard gestures wildly while chanting.
The orc wizard blinks!
The orc wizard points at you and mumbles some strange words.
The magic dart hits you.
You die...
Fedhas appreciates your contribution to the ecosystem.

#..#....# #####
........## ##...##
.###.....###.....##
.# ##.##.##.......#
.# #.##..........#
#####.####........#
...#..#..........##
.........##.......#
......... #...S.@.#
........ #..o....#
........ ##.....##
........ ##....#
.......... ####ยง#
##.... ....#####.#
... ###.......#
....o.....#
......)...#


You could see an orc wizard (fast) and a friendly ball python.

Vanquished Creatures
  An orc priest (D:3)
  An orc wizard (D:3)
  6 adders
  2 oozes (D:2)
  4 worms
  7 orcs (D:3)
  A giant cockroach (D:2)
  5 goblins
  6 hobgoblins
  7 kobolds
  A quokka (D:2)
  3 bats
  7 frilled lizards (D:1)
  4 rats
55 creatures vanquished.

Notes
Turn   | Place    | Note
-------+----------+-------------------------------------------
     0 | D:1      | 2bobheroes the Draconian Transmuter began the quest for the
                  | Orb.
     0 | D:1      | Reached XP level 1. HP: 16/16 MP: 3/3
   453 | D:1      | Reached XP level 2. HP: 23/23 MP: 5/5
   854 | D:2      | Found a faded altar of an unknown god.
  1100 | D:2      | Reached XP level 3. HP: 28/28 MP: 6/6
  1211 | D:2      | Became a worshipper of Fedhas Madash
  1211 | D:2      | Reached * piety under Fedhas
  1798 | D:2      | Reached XP level 4. HP: 30/35 MP: 5/7
  1842 | D:2      | Learned a level 3 spell: Spider Form
  2003 | D:2      | Reached skill level 4 in Unarmed Combat
  2652 | D:3      | Reached XP level 5. HP: 34/40 MP: 6/8
  2755 | D:3      | Reached ** piety under Fedhas
  2760 | D:3      | Learned a level 2 spell: Sticks to Snakes
  2849 | D:3      | Killed from afar by an orc wizard

Illustrated notes

Levels and vault maps discovered:
D:1:      lightli_arrival_chessboard, layout_loops_corners, feat_on_display
D:2:      layout_loops_ring, chequers_ecumenical_altar_island
D:3:      layout_rooms, lemuel_round_altar, marbit_many_paths,
          nicolae_overflow_crystal_walls

Skill      XL: |  1  2  3  4 |
---------------+-------------+-----
Dodging        | 2 |  2.7
Transmutations | 3 |  3.9
Unarmed Combat | 4 |  4.5
Fighting       | |  1.1
Spellcasting   | |  2.0

Action                   |  1- 3 |  4- 6 || total
-------------------------+-------+-------++-------
Melee: Unarmed           |   119 |    90 ||   209
       Tailslap          |    13 |     9 ||    22
       Headbutt          |     4 |     9 ||    13
       Kick              |       |     8 ||     8
       Punch             |       |     2 ||     2
Throw: Stone             |     6 |       ||     6
 Cast: Beastly Appendage |     5 |     9 ||    14
       Sticks to Snakes  |       |     1 ||     1
  Eat: Chunk             |     3 |     3 ||     6
Armor: Skin              |    38 |    17 ||    55
Dodge: Dodged            |    63 |    40 ||   103
